 Dungeon Crawl Stone Soup version 0.20-a0-210-gd6c29eb (webtiles) character file.

45069 KristoblXynda the Carver (level 13, -1/150 HPs)
             Began as a White Draconian Skald on Nov 26, 2016.
             Was the Champion of Cheibriados.
             Slain by a death yak (12 damage)
             ... on level 6 of the Lair of Beasts.
             The game lasted 00:43:53 (19207 turns).

KristoblXynda the Carver (White Draconian Skald)   Turns: 19207, Time: 00:43:54

Health: -1/150     AC: 26    Str: 31    XL:     13   Next: 99%
Magic:  21/21      EV:  2    Int: 31    God:    Cheibriados [******]
Gold:   996        SH:  7    Dex: 26    Spells: 12/18 levels left

rFire  . . .     SeeInvis .     D - +4 long sword (flame)
rCold  + . .     Gourm    .     (armour unavailable)
rNeg   + + +     Faith    .     K - +0 buckler {reflect}
rPois  +         Spirit   .     (helmet currently unavailable)
rElec  .         Reflect  +     (cloak currently unavailable)
rCorr  .         Harm     .     (gloves currently unavailable)
MR     .....     NoTele   +     (boots currently unavailable)
Stlth  ++........               t - amulet of regeneration
                                j - ring of positive energy
                                H - ring of protection from cold

@: tree-form (expiring), very slow
A: (breathe frost), unfitting armour, (horns 0), (cold resistance 0), mutation
resistance 1, (cold-blooded), AC +8
a: Bend Time, Temporal Distortion, Slouch, Step From Time, Renounce Religion


You were on level 6 of the Lair of Beasts.
You worshipped Cheibriados.
Cheibriados was exalted by your worship.
You were full.
You were a tree.
You visited 2 branches of the dungeon, and saw 18 of its levels.
You also visited: Labyrinth.

You collected 996 gold pieces.

Inventory:

Hand Weapons
 z - a +1 scimitar of flaming
 D - a +4 long sword of flaming (weapon)
 F - a +2 scimitar of freezing
Missiles
 f - a throwing net (quivered)
Armour
 d - a +1 pair of boots (melded)
 l - a +1 cloak (melded)
 u - a +2 pair of gloves (melded)
 y - a +2 hat (melded)
 K - a +0 buckler of reflection (worn)
Jewellery
 j - a ring of positive energy (right branch)
 n - the ring "Bothraosa" {*Drain MR+ Str+5}
   (You found it in a labyrinth)

   [ring of protection from magic]

   It affects your strength (+5).
   It affects your resistance to hostile enchantments.
   It causes draining when unequipped.
 t - an amulet of regeneration (around neck)
 H - a ring of protection from cold (left branch)
Wands
 b - a wand of confusion (23/48)
 k - a wand of acid (0/15)
 m - a wand of paralysis (11/24)
 q - a wand of digging (8/24)
 s - a wand of disintegration (4/24)
Scrolls
 e - 2 scrolls of teleportation
 p - 2 scrolls of amnesia
 w - a scroll of magic mapping
 x - a scroll of fear
 J - a scroll of remove curse
Potions
 r - a potion of might
 G - a potion of mutation
 I - a potion of agility
 N - 2 potions of cure mutation
Books
 L - a book of Enchantments

   Spells                             Type                      Level
   a - Cause Fear                     Hexes                        4
   b - Yara's Violent Unravelling     Hexes/Transmutation          5
   c - Silence                        Hexes/Air                    5
   d - Deflect Missiles               Charms/Air                   6
   e - Discord                        Hexes                        8
Miscellaneous
 a - a fan of gales
 i - a phantom mirror
 M - a box of beasts
Comestibles
 c - 8 bread rations
 g - 6 meat rations
 h - 7 fruits


   Skills:
 + Level 5.1 Fighting
 - Level 12.1 Long Blades
 - Level 10.0 Dodging
 - Level 7.0 Shields
 + Level 3.0 Spellcasting
 - Level 4.2 Hexes
 - Level 5.1 Charms
 - Level 5.1 Necromancy
 - Level 11.2 Invocations
 - Level 10.0 Evocations


You had 12 spell levels left.
You knew the following spells:

 Your Spells              Type           Power        Failure   Level  Hunger
a - Regeneration          Chrm/Necr      #####.....   2%          3    ##.....
b - Spectral Weapon       Hex/Chrm       ####....     3%          3    ##.....


Dungeon Overview and Level Annotations

Branches:
Dungeon (12/15)            Temple (0/1) D:5            Lair (6/6) D:11
 Shoals (0/4) Lair:2        Snake (0/4) Lair:2        Slime (0/5) Lair:5
    Orc (0/2) D:10

Altars:
Cheibriados
Fedhas
Makhleb
Nemelex Xobeh
Ru
Uskayaw
Vehumet
Xom
Zin
The Shining One


Innate Abilities, Weirdness & Mutations

((You can breathe waves of freezing cold.))
((You can buffet flying creatures when you breathe cold.))
((Your icy white scales are hard. (AC +8)))
You cannot fit into any form of body armour.
((Your flesh is cold resistant. (rC+)))
((You are cold-blooded and may be slowed by cold attacks.))
((You have a pair of small horns on your head.))
You are somewhat resistant to further mutation.


Message History

Okay, then.
You catch the helpless death yak completely off-guard!
You hit the death yak. You burn the death yak.
Your attack snaps the death yak out of its fear.
The death yak is lightly wounded.
Evoke which item? (* to show all) (? for menu, Esc to quit)
Zapping:
m - a wand of paralysis (?/24) (will waste charges)
Press: ? - help, Shift-Dir - straight line, f - death yak
Aim: a death yak (lightly wounded, chance to defeat MR: 8%)
The death yak resists with almost no effort.
Evoking this partially-identified wand wasted a few charges.
Evoke which item? (* to show all) (? for menu, Esc to quit)
Zapping:
m - a wand of paralysis (?/24) {zapped: 3} (will waste charges)
Press: ? - help, Shift-Dir - straight line, f/p - death yak
Aim: a death yak (lightly wounded, chance to defeat MR: 8%)
The death yak resists with almost no effort.
Evoking this partially-identified wand wasted a few charges.
Your transformation is almost over.
The death yak gores you!
You die...

###### ##P...#######
##††.........##
#Y♣...../.....##
.......#######......##
#....###...÷.###.....#
#♣.Y.÷......÷..###.♣.##
#..÷.....#..8...###..##
#.#.....###....8.###..#
##....# ##..÷..###.♣. #
##....##.8k.8.=###.. #.
#.÷....8÷...[)# #..


You could see 2 death yaks.

Vanquished Creatures
  A minotaur (Lab)
  3 hydras
  Erica (D:8)
  4 death yaks (Lair:6)
  A lindwurm (Lair:3)
  4 hill giants
  Pikel (D:4)
  2 ugly things (D:11)
  An oklob plant (Lair:4)
  15 elephants
  A merfolk siren (Lair:2)
  3 black mambas
  12 spiny frogs
  A gargoyle (D:11)
  A rime drake (Lair:2)
  3 komodo dragons
  3 merfolk (Lair:2)
  2 trolls (D:10)
  3 polar bears (Lair:6)
  A two-headed ogre (D:9)
  7 dream sheep
  5 hippogriffs
  36 yaks
  A spriggan (Lair:6)
  6 wyverns
  A wraith (D:10)
  A hungry ghost (D:7)
  A basilisk (Lair:1)
  4 wargs
  Menkaure (D:7)
  2 nagas (Lair:2)
  7 porcupines
  A soldier ant (D:10)
  13 water moccasins
  Duvessa (D:6)
  5 ice beasts
  2 black bears
  6 ogres
  6 orc warriors
  3 phantoms
  5 sky beasts
  A slave (D:4)
  The ghost of KristoblXynda the Charmwright, an amateur DrSk (D:3)
  25 wolves
  5 centaurs
  11 crocodiles
  A big kobold (D:9)
  13 bullfrogs
  Dowan (D:6)
  5 scorpions
  9 killer bees
  3 howler monkeys
  6 wights
  2 vampire bats (D:10)
  2 electric eels (Lair:1)
  6 crimson imps
  2 bullfrog zombies
  3 centaur zombies
  6 hounds
  A jelly (D:10)
  5 orc priests
  2 bullfrog skeletons (D:9)
  3 centaur skeletons
  20 orc wizards
  Natasha (twice) (D:2)
  4 iguanas
  10 worker ants
  A killer bee zombie (D:6)
  3 hound zombies (D:6)
  2 hound skeletons (D:8)
  A worker ant zombie (D:6)
  A howler monkey zombie (D:4)
  15 adders
  A howler monkey skeleton (D:8)
  3 shadow imps
  2 oozes
  An adder zombie (D:6)
  2 adder skeletons
  2 worms
  A dart slug (D:2)
  8 leopard geckos
  48 orcs
  2 ball pythons
  11 giant cockroaches
  10 goblins
  16 hobgoblins
  2 jackals (D:8)
  14 kobolds
  6 quokkas
  13 bats
  6 frilled lizards
  4 jackal zombies (D:6)
  A leopard gecko skeleton (D:6)
  2 leopard gecko zombies (D:6)
  2 quokka skeletons
  2 quokka zombies
  8 rats
516 creatures vanquished.

Vanquished Creatures (others)
  A slave (D:4)
  An orc priest (D:4)
  A dart slug (D:2)
  A kobold (D:9)
  A bush (Lair:6)
  10 fungi
  5 plants
20 creatures vanquished.

Grand Total: 536 creatures vanquished

Notes
Turn   | Place    | Note
-------+----------+-------------------------------------------
     0 | D:1      | KristoblXynda the Draconian Skald began the quest for the Orb.
     0 | D:1      | Reached XP level 1. HP: 17/17 MP: 3/3
   153 | D:1      | Reached XP level 2. HP: 15/24 MP: 5/5
  1216 | D:2      | Reached XP level 3. HP: 26/29 MP: 6/6
  1430 | D:2      | Found a burning altar of Makhleb.
  1517 | D:2      | Reached skill level 3 in Long Blades
  1609 | D:2      | Reached XP level 4. HP: 22/36 MP: 7/7
  1847 | D:2      | Found a snail-covered altar of Cheibriados.
  1964 | D:2      | Became a worshipper of Cheibriados the Contemplative
  2209 | D:2      | Noticed Natasha
  2218 | D:2      | Killed Natasha
  2353 | D:2      | Reached XP level 5. HP: 26/41 MP: 8/8
  2689 | D:2      | Noticed Natasha
  2698 | D:2      | Killed Natasha
  2845 | D:3      | Found a radiant altar of Vehumet.
  3078 | D:3      | Learned a level 3 spell: Regeneration
  3082 | D:3      | Learned a level 3 spell: Spectral Weapon
  3120 | D:3      | Noticed KristoblXynda's ghost (amateur DrSk)
  3139 | D:3      | Killed KristoblXynda's ghost
  3139 | D:3      | Reached * piety under Cheibriados
  3139 | D:3      | Reached skill level 4 in Long Blades
  3139 | D:3      | Reached XP level 6. HP: 25/48 MP: 9/9
  3995 | D:4      | Noticed a slave
  3998 | D:4      | Noticed a slave
  4000 | D:4      | Noticed Pikel
  4033 | D:4      | Killed a slave
  4314 | D:4      | Found a blossoming altar of Fedhas.
  4331 | D:4      | Noticed a slave
  4338 | D:4      | Noticed a slave
  4383 | D:4      | Killed Pikel
  4383 | D:4      | Reached skill level 5 in Long Blades
  4383 | D:4      | Reached skill level 5 in Charms
  4383 | D:4      | Your scales start taking on an icy white colour.
  4383 | D:4      | Reached XP level 7. HP: 8/55 MP: 10/10
  4383 | D:4      | Gained mutation: Your flesh is cold resistant. (rC+) [White Draconian growth]
  5355 | D:4      | Gained mutation: You have a pair of small horns on your head. [potion of beneficial mutation]
  5542 | D:4      | Reached skill level 1 in Necromancy
  5594 | D:4      | Found a glowing silver altar of Zin.
  5633 | D:4      | Reached ** piety under Cheibriados
  5881 | D:4      | Reached skill level 5 in Dodging
  5881 | D:4      | Reached XP level 8. HP: 28/61 MP: 11/11
  6178 | D:5      | Entered Level 5 of the Dungeon
  6443 | D:5      | Found a staircase to the Ecumenical Temple.
  6761 | D:5      | Found a glowing golden altar of the Shining One.
  6762 | D:5      | Found a blossoming altar of Fedhas.
  6782 | D:5      | You fall through a shaft for 2 floors!
  6861 | D:7      | Reached skill level 6 in Long Blades
  7005 | D:6      | Noticed Duvessa
  7005 | D:6      | Noticed Dowan
  7029 | D:6      | Killed Duvessa
  7030 | D:6      | Reached *** piety under Cheibriados
  7032 | D:6      | Killed Dowan
  7228 | D:6      | Reached skill level 7 in Long Blades
  7228 | D:6      | Reached XP level 9. HP: 67/67 MP: 12/12
  7423 | D:6      | Reached skill level 5 in Necromancy
  7425 | D:6      | Reached **** piety under Cheibriados
  7603 | D:5      | Reached skill level 1 in Hexes
  7609 | D:5      | Gained mutation: You are somewhat resistant to further mutation. [mutagenic meat]
  8096 | D:7      | Noticed Menkaure
  8104 | D:7      | Killed Menkaure
  8216 | D:7      | Reached skill level 8 in Long Blades
  9068 | D:8      | Reached ***** piety under Cheibriados
  9271 | D:8      | Noticed Erica
  9279 | D:8      | Killed Erica
  9279 | D:8      | Reached XP level 10. HP: 46/73 MP: 13/13
  9672 | D:8      | Found a shimmering altar of Xom.
  9835 | D:9      | Reached skill level 1 in Evocations
  9865 | D:9      | Reached skill level 9 in Long Blades
  9959 | D:9      | Found a hide-covered altar of Uskayaw.
  9960 | D:9      | Noticed a hand axe
  9960 | D:9      | Noticed a dagger
 10570 | D:9      | Found a sparkling altar of Nemelex Xobeh.
 10690 | D:10     | Entered Level 10 of the Dungeon
 10721 | D:10     | Reached ****** piety under Cheibriados
 10996 | D:10     | Reached XP level 11. HP: 79/79 MP: 14/14
 11019 | D:10     | Reached skill level 10 in Long Blades
 11173 | D:10     | Found a staircase to the Orcish Mines.
 11338 | D:10     | Noticed a hill giant
 11342 | D:10     | Killed a hill giant
 11342 | D:10     | Reached skill level 5 in Evocations
 11423 | D:11     | Noticed a hill giant
 11432 | D:11     | Noticed a hill giant
 11437 | D:11     | Killed a hill giant
 11439 | D:11     | Killed a hill giant
 11507 | D:11     | Reached skill level 10 in Dodging
 11695 | D:11     | Reached skill level 1 in Invocations
 11917 | D:11     | Found a staircase to the Lair.
 11928 | D:11     | Noticed a hill giant
 11937 | D:11     | Killed a hill giant
 11937 | D:11     | Reached skill level 11 in Long Blades
 11957 | D:11     | Noticed a white ugly thing
 11960 | D:11     | Noticed a cyan ugly thing
 12158 | D:11     | Killed a purple ugly thing
 12166 | D:11     | Killed a purple ugly thing
 12305 | D:11     | Found a sacrificial altar of Ru.
 12582 | Lair:1   | Entered Level 1 of the Lair of Beasts
 12963 | Lair:1   | Reached XP level 12. HP: 85/85 MP: 17/17
 13278 | Lair:1   | Reached skill level 5 in Invocations
 13598 | Lair:2   | Found a staircase to the Shoals.
 13736 | Lair:2   | Noticed a seven-headed hydra
 13962 | Lair:2   | Killed a one-headed hydra
 13963 | Lair:2   | Found a staircase to the Snake Pit.
 14335 | Lair:2   | Reached skill level 12 in Long Blades
 15786 | Lair:4   | Reached XP level 13. HP: 98/99 MP: 20/20
 15789 | Lair:4   | Reached skill level 1 in Shields
 16333 | Lair:4   | Reached skill level 10 in Evocations
 16750 | Lair:5   | Found a staircase to the Slime Pits.
 16750 | Lair:5   | You fall through a shaft!
 16750 | Lair:6   | Entered Level 6 of the Lair of Beasts
 16907 | Lair:6   | Found a labyrinth entrance.
 16916 | Lab      | Entered a labyrinth
 17867 | Lab      | Noticed a minotaur
 17879 | Lab      | Killed a minotaur
 17891 | Lab      | Got a crude brass ring
 17905 | Lab      | Identified the ring "Bothraosa" {*Drain MR+ Str+5} (You found it in a labyrinth)
 17941 | Lair:6   | Reached skill level 5 in Shields
 17958 | Lair:6   | Reached skill level 10 in Invocations
 19195 | Lair:6   | Reached skill level 5 in Fighting
 19207 | Lair:6   | Slain by a death yak

Vault maps used:
D:1:      lemuel_arrival_river_bridge
D:2:      marbit_many_paths, lemuel_round_altar,
          minmay_randomly_rotated_circles, uniq_natasha
D:3:      nicolae_overflow_crystal_walls
D:4:      old_standard_altar, fedhas_altar_1, uniq_pikel
D:5:      chequers_temple_overflow_statue_of_worship, first_bread
D:6:      serial_undead, serial_undead_d, serial_undead_d, serial_undead_f,
          serial_undead_f, serial_undead_d, serial_undead_d, uniq_duvessa
D:7:      uniq_menkaure
D:8:      xom_butterflies, uniq_erica
D:9:      lemuel_coloured_pillars_altar, dancing_weapons_uskayaw
D:10:     erik_orc_3, roderic_batcave
D:11:     erik_lair_orcish_takeover, nicolae_ru_the_path_less_chosen
Lair:1:   serial_bayou_shore_a
Lair:2:   elwin_shoals_entry_stream, guppyfry_snake_entry_island,
          lemuel_fruit_fields
Lair:3:   grunt_megastairs_2
Lair:4:   grunt_megastairs_5
Lair:5:   nicolae_slime_entry_slimehenge, st_stairs_8,
          kennysheep_basilisk_garden
Lair:6:   grunt_lair_end_beastmaster, lab_entry_generic,
          grunt_forest_large_clearing_hut

Skill      XL: |  1  2  3  4  5  6  7  8  9 10 11 12 13 |
---------------+----------------------------------------+-----
Dodging        | 2 3 4 5 6 8 9 10 | 10.0
Charms         | 3 4 5 |  5.1
Long Blades    | 3 4 5 7 8 9 11 12 | 12.1
Necromancy     | 2 4 5 |  5.1
Hexes          | 4 |  4.2
Evocations     | 4 7 9 10 | 10.0
Invocations    | 4 8 11 | 11.2
Fighting       | 4 5 |  5.1
Shields        | 7 |  7.0
Spellcasting   | 3 |  3.0

Action                   |  1- 3 |  4- 6 |  7- 9 | 10-12 | 13-15 || total
-------------------------+-------+-------+-------+-------+-------++-------
Melee: Falchion          |   114 |   224 |   140 |       |       ||   478
       Tailslap          |     9 |    22 |    74 |   180 |   129 ||   414
       Headbutt          |       |       |   104 |   288 |   181 ||   573
       Scimitar          |       |       |   191 |   131 |       ||   322
       Long sword        |       |       |       |   379 |   339 ||   718
 Abil: Breathe Frost     |       |       |     5 |    12 |     2 ||    19
Evoke: Wand              |       |       |     5 |     9 |    11 ||    25
  Use: Scroll            |       |    12 |    14 |    18 |     8 ||    52
       Potion            |       |     6 |     4 |     6 |     2 ||    18
 Stab: Sleeping          |     1 |     1 |     2 |    10 |       ||    14
       Invisible         |       |     3 |     4 |     3 |       ||    10
       Distracted        |       |       |       |     1 |     1 ||     2
       Confused          |       |       |       |       |     1 ||     1
       Fleeing           |       |       |       |       |     1 ||     1
  Eat: Chunk             |     2 |     8 |     7 |     6 |     5 ||    28
       Beef jerky        |       |       |     1 |     3 |     1 ||     5
       Meat ration       |       |       |     1 |       |       ||     1
       Pizza             |       |       |     1 |     1 |     1 ||     3
       Fruit             |       |       |       |     2 |     4 ||     6
       Royal jelly       |       |       |       |     1 |     1 ||     2
Armor: Skin              |    31 |    55 |   118 |   174 |    87 ||   465
Dodge: Dodged            |    80 |   169 |   345 |   696 |   401 ||  1691
Block: Buckler           |       |       |       |       |   123 ||   123
       Rpst.: Falchion   |    28 |    64 |    42 |       |       ||   134
       Scimitar          |       |       |    56 |    73 |       ||   129
       Long sword        |       |       |       |   140 |   102 ||   242
